 Dungeon Crawl Stone Soup version 0.29.1-1-gd02db6906a (webtiles) character file.

Game seed: 1768959778506504535

13153 olmar the Basher (level 12, -3/114 HPs)
             Began as a Gargoyle Fighter on Sept 21, 2022.
             Was an Initiate of Gozag.
             Slain by a spark wasp (4 damage)
             ... on level 11 of the Dungeon on Sept 22, 2022.
             The game lasted 00:21:02 (14968 turns).

olmar the Basher (Gargoyle Fighter)                Turns: 14968, Time: 00:21:03

Health: -3/114     AC: 26    Str: 31    XL:     12   Next: 3%
Magic:  21/21      EV:  2    Int:  9    God:    Gozag
Gold:   738        SH:  5    Dex:  9    Spells: 11/11 levels left

rFire   + . .      SeeInvis .   a - +1 flail
rCold   + . .      Faith    .   c - +0 buckler
rNeg    + . .      Spirit   .   (body armour currently unavailable)
rPois   ∞          Reflect  .   (helmet currently unavailable)
rElec   +          Harm     .   (cloak currently unavailable)
rCorr   +          Rampage  .   (gloves currently unavailable)
Will    .....      NoTele   +   (boots currently unavailable)
Stlth   +.........              (no amulet)
HPRegen 0.29/turn               q - ring of magical power
MPRegen 0.17/turn               E - +6 ring of strength

@: mighty, tree-form, resistant
A: stationary, stasis, torment immunity, boosted hp, sickness immunity, AC +8,
negative energy resistance 1, (electricity resistance), torment resistance 1,
petrification resistance
a: End Transformation, Renounce Religion, Potion Petition, Call Merchant, Bribe
Branch


You were on level 11 of the Dungeon.
You worshipped Gozag.
Gozag was pleased with you.
You were a tree.
You visited 1 branch of the dungeon, and saw 11 of its levels.

You collected 2664 gold pieces.
You spent 691 gold pieces at shops.
You paid 1235 gold pieces to Gozag.

Inventory:

Hand Weapons
 a - a +1 flail (weapon)
 G - a +1 whip of venom
 J - a +0 mace of holy wrath
Missiles
 D - a throwing net
 K - 7 poisoned darts (quivered)
Armour
 b - a +0 scale mail
 c - a +0 buckler (worn)
 e - a +0 cloak (melded)
 i - a +0 pair of boots (melded)
 k - a +0 plate armour
 u - a +0 pair of gloves (melded)
 v - a +0 helmet (melded)
 A - a +3 leather armour of poison resistance
 I - the +1 plate armour of the Maze (melded) {+Blink Str+3 Int+3 Stlth-}
   (You bought it in a shop on level 6 of the Dungeon)

   Str:       It affects your strength (+3).
   Int:       It affects your intelligence (+3).
   +Blink:    It lets you blink.
   Stlth:     It makes you less stealthy.
Jewellery
 q - a ring of magical power (left branch)
 E - a +6 ring of strength (right branch)
Wands
 d - a wand of charming (5)
 j - a wand of polymorph (3)
 t - a wand of roots (1)
Scrolls
 f - 2 scrolls of enchant weapon
 g - 2 scrolls of teleportation
 m - 2 scrolls of identify
 n - a scroll of fog
 o - 3 scrolls of poison
 p - a scroll of vulnerability
 r - a scroll of torment
 w - 8 scrolls of enchant armour
 y - a scroll of magic mapping
 H - 2 scrolls of silence
 M - a scroll of fear {unknown}
 N - a scroll of brand weapon {unknown}
 P - a scroll of noise {unknown}
Potions
 h - 5 potions of curing
 l - a potion of brilliance {unknown}
 s - 5 potions of degeneration {unknown}
 x - 2 potions of lignification {unknown}
 z - 4 potions of resistance {unknown}
 B - 2 potions of flight {unknown}
 C - 2 potions of might
 F - a potion of magic {unknown}
 L - a potion of mutation {unknown}
 O - a potion of attraction {unknown}
Miscellaneous
 Q - a lightning rod (4/4)


   Skills:
 + Level 9.6 Fighting
 + Level 12.4 Maces & Flails
 + Level 11.1 Armour
 + Level 7.3 Shields
 + Level 3.2 Evocations


You had 11 spell levels left.
You didn't know any spells.
Your spell library contained the following spells:

 Spells                   Type           Power      Damage    Failure   Level
 Apportation              Tloc           0%         N/A       45%         1
 Foxfire                  Conj/Fire      0%         2x1d4     45%         1
 Conjure Flame            Conj/Fire      0%         6-21      83%         3
 Gell's Gravitas          Tloc           0%         N/A       83%         3
 Inner Flame              Hex/Fire       0%         N/A       83%         3
 Ozocubu's Armour         Ice            0%         N/A       83%         3
 Teleport Other           Tloc           0%         N/A       83%         3
 Cause Fear               Hex            0%         N/A       99%         4
 Flame Wave               Conj/Fire      0%         2d4       99%         4
 Petrify                  Tmut/Erth      0%         N/A       99%         4
 Alistair's Intoxication  Tmut/Pois      0%         N/A       100%        5
 Irradiate                Conj/Tmut      0%         3d11      100%        5
 Dispersal                Tloc           0%         N/A       100%        6
 Ozocubu's Refrigeration  Ice            0%         4d7       100%        7
 Discord                  Hex            0%         N/A       100%        8
 Sublimation of Blood     Necr           Unusable   N/A       N/A         2

Dungeon Overview and Level Annotations

Branches:
Dungeon (11/15)            Temple (0/1) D:5            Lair (0/5) D:8
    Orc (0/2) D:10

Altars:
Ashenzari
Cheibriados
Dithmenos
Elyvilon
Fedhas
Gozag
Hepliaklqana
Kikubaaqudgha
Makhleb
Nemelex Xobeh
Okawaru
Qazlal
Sif Muna
Trog
Xom
Zin
The Shining One

Shops:
D:3 =   D:6 [


Innate Abilities, Weirdness & Mutations

You are a tree.
Your roots penetrate the ground, keeping you stationary.
You cannot be teleported.
You are immune to unholy pain and torment.
Your maximum health is greatly increased.
Your equipment is partially melded.
You are immune to sickness and miasma.
((Your stone body is resilient. (AC +8)))
You are immune to poison.
You resist negative energy. (rN+)
((You are resistant to electric shocks. (rElec)))
You are resistant to unholy torment.
You are immune to petrification.


Message History

Your +0 helmet melds into your body.
Your +0 pair of gloves melds into your body.
Your +0 pair of boots melds into your body.
The +1 plate armour of the Maze {+Blink Str+3 Int+3 Stlth-} melds into your body.
Your roots penetrate the ground.
You feel very mighty all of a sudden.
You feel protected.
The spark wasp stings you but does no damage.
Unknown command.
You hit the spark wasp.
The spark wasp is almost dead.
The spark wasp stings you!
* * * LOW HITPOINT WARNING * * *
The spark wasp shocks you. You resist.
* * * LOW HITPOINT WARNING * * *
The spark wasp stings you but does no damage.
Unknown command.
You feel better.
The spark wasp bursts into living lightning!
The living lightning hits you. You resist.
* * * LOW HITPOINT WARNING * * *
The spark wasp blinks!
Unknown command.
You feel better.
The spark wasp stings you but does no damage.
The spark wasp stings you!
* * * LOW HITPOINT WARNING * * *
The spark wasp shocks you. You resist.
* * * LOW HITPOINT WARNING * * *
Unknown command. [a] - 729 gold - haste, heal wounds, invisibility and might [b] - 200 gold - resistance [c] - 510 gold - resistance, lignification and might Purchase which effect?
You no longer have enough gold to fund merchants seeking to open stores in the dungeon.
You feel protected. The spark wasp stings you.
* * * LOW HITPOINT WARNING * * *
The spark wasp shocks you. You resist.
You die...
Your body crumbles into a pile of gold.

####'#### #..........# #
#.# #########.## + #.####
##...# # #....# #..### #
######)## #.## #.......#
####'###### #.......#
#.........####
#.......######.........##..
#....(.('.♣y##.........#...
#.......###..#)........#...
#.......# #(#<............
#.......# .#..........#>.
#.......# +....<.....#..
#.......# #.........##..
#.......# ############..
######### #.. ###


You could see a spark wasp.

Vanquished Creatures
  2 boulder beetles
  2 two-headed ogres
  Lodul (D:11)
  A wizard (D:10)
  An unseen horror (D:10)
  Maggie (D:8)
  3 trolls
  3 hornets
  Prince Ribbit (D:8)
  4 shadows
  6 yaks (D:9)
  Eustachio (D:4)
  4 vampire mosquitoes
  A steam dragon (D:6)
  3 acid dragons
  A sky beast (D:7)
  2 black bears
  8 orc warriors
  12 ogres
  4 centaurs
  3 phantoms
  2 kobold brigands
  Blork the orc (D:5)
  2 bullfrogs
  A gnoll sergeant (D:7)
  2 scorpions (D:5)
  3 wights (D:10)
  10 killer bees
  7 howler monkeys
  4 jellies
  2 gnoll boudas
  8 orc priests
  5 hounds
  4 iguanas
  11 orc wizards
  Natasha (twice) (D:3)
  The ghost of baller8008 the Trooper, a weakling NaFi of Okawaru (D:3)
  Robin (D:3)
  16 gnolls
  6 adders
  3 shadow imps
  A worm (D:4)
  3 dart slugs
  30 orcs
  5 bats
  7 endoplasms
  A giant cockroach (D:3)
  15 goblins
  5 hobgoblins
  7 jackals
  3 quokkas
  3 ball pythons (D:1)
  5 frilled lizards
  6 kobolds
  3 rats
249 creatures vanquished.

Vanquished Creatures (collateral kills)
  An orc warrior (D:10)
  2 killer bees (D:10)
3 creatures vanquished.

Vanquished Creatures (others)
  A yak (D:10)
  An ice beast (D:5)
  An ogre (D:11)
  A centaur (D:10)
  2 jellies
  An orc wizard (D:8)
7 creatures vanquished.

Grand Total: 259 creatures vanquished

Notes
Turn   | Place    | Note
-------+----------+-------------------------------------------
     0 | D:1      | olmar the Gargoyle Fighter began the quest for the Orb.
     0 | D:1      | Reached XP level 1. HP: 14/14 MP: 1/1
   375 | D:1      | Reached XP level 2. HP: 19/19 MP: 2/2
  1097 | D:1      | Reached XP level 3. HP: 24/24 MP: 3/3
  1458 | D:2      | Found a faded altar of an unknown god.
  1769 | D:2      | Identified the +4 short sword of the Revolution {vorpal,
                  | rPois rF+ Dex+3 Stlth+}
  1927 | D:3      | Reached XP level 4. HP: 28/29 MP: 4/4
  2002 | D:3      | Noticed Robin
  2166 | D:3      | Killed Robin
  2167 | D:3      | Reached skill level 3 in Maces & Flails
  2362 | D:3      | Found a blossoming altar of Fedhas.
  2395 | D:3      | Found a broken altar of Ashenzari.
  2450 | D:3      | Noticed Natasha
  2462 | D:3      | Killed Natasha
  2463 | D:3      | Reached XP level 5. HP: 15/33 MP: 5/5
  2630 | D:3      | Found a shadowy altar of Dithmenos.
  2731 | D:3      | Found Laby's Jewellery Boutique.
  2814 | D:3      | Found a runed translucent gate.
  2815 | D:3      | Found a runed translucent gate.
  2815 | D:3      | Found an opulent altar of Gozag.
  2816 | D:3      | Found a runed translucent gate.
  2817 | D:3      | Noticed baller8008's ghost (weakling NaFi)
  3251 | D:3      | Noticed Natasha
  3259 | D:3      | Killed Natasha
  3348 | D:3      | Killed baller8008's ghost
  3358 | D:3      | Became a worshipper of Gozag Ym Sagoz the Greedy
  3552 | D:4      | Noticed a black bear
  3596 | D:4      | Noticed Eustachio
  3672 | D:3      | Reached skill level 4 in Maces & Flails
  4002 | D:4      | Killed Eustachio
  4003 | D:4      | Reached XP level 6. HP: 15/39 MP: 6/6
  4513 | D:4      | Killed a black bear
  4514 | D:4      | Reached skill level 5 in Maces & Flails
  4514 | D:4      | Reached skill level 5 in Armour
  4514 | D:4      | Reached XP level 7. HP: 32/44 MP: 7/7
  5599 | D:5      | Entered Level 5 of the Dungeon
  5719 | D:5      | Reached skill level 5 in Fighting
  5738 | D:5      | Reached skill level 6 in Maces & Flails
  5754 | D:5      | Reached skill level 1 in Evocations
  5754 | D:5      | Reached XP level 8. HP: 36/49 MP: 8/8
  5782 | D:5      | Noticed Blork the orc
  5787 | D:5      | Killed Blork the orc
  6186 | D:5      | Found a burning altar of Makhleb.
  6193 | D:5      | Reached skill level 7 in Maces & Flails
  6223 | D:5      | Found a staircase to the Ecumenical Temple.
  6575 | D:6      | Found an iron altar of Okawaru.
  6818 | D:6      | Found a stormy altar of Qazlal.
  7237 | D:6      | Reached skill level 8 in Maces & Flails
  7237 | D:6      | Reached XP level 9. HP: 54/55 MP: 9/9
  7278 | D:6      | Found a glowing silver altar of Zin.
  7830 | D:6      | Found Ycoff's Armour Shop.
  7946 | D:6      | Found a sparkling altar of Nemelex Xobeh.
  8396 | D:6      | Bought the +1 plate armour of the Maze {+Blink Str+3 Int+3
                  | Stlth-} for 691 gold pieces
  8936 | D:7      | Reached skill level 9 in Maces & Flails
  9423 | D:8      | Noticed Prince Ribbit
  9434 | D:8      | Killed Prince Ribbit
  9435 | D:8      | Reached skill level 5 in Shields
  9747 | D:8      | Noticed a hornet
  9757 | D:8      | Killed a hornet
  9758 | D:8      | Reached XP level 10. HP: 63/63 MP: 10/10
  9860 | D:8      | Found a glowing golden altar of the Shining One.
 10074 | D:8      | Noticed Maggie
 10105 | D:8      | Killed Maggie
 10211 | D:8      | Found a staircase to the Lair.
 10617 | D:9      | Found a bloodstained altar of Trog.
 10617 | D:9      | Found a white marble altar of Elyvilon.
 10618 | D:9      | Found a shimmering altar of Xom.
 10618 | D:9      | Found a snail-covered altar of Cheibriados.
 10622 | D:9      | Reached skill level 10 in Maces & Flails
 10894 | D:9      | Identified the +7 short sword of Fundamental Breach {drain,
                  | Will++ rCorr MP+9 Int-3}
 10922 | D:9      | Found a hazy altar of Hepliaklqana.
 11509 | D:10     | Entered Level 10 of the Dungeon
 11696 | D:10     | Reached skill level 11 in Maces & Flails
 11760 | D:10     | Reached XP level 11. HP: 32/69 MP: 11/11
 11998 | D:10     | Noticed a two-headed ogre
 11999 | D:10     | Found a staircase to the Orcish Mines.
 12003 | D:10     | Found an opulent altar of Gozag.
 12021 | D:10     | Noticed a wizard
 12033 | D:10     | Noticed a boulder beetle
 12189 | D:10     | Found an ancient bone altar of Kikubaaqudgha.
 12254 | D:10     | Killed a two-headed ogre
 12255 | D:10     | Reached skill level 10 in Armour
 12271 | D:10     | Killed a boulder beetle
 12636 | D:10     | Killed a wizard
 13305 | D:10     | Found a shimmering blue altar of Sif Muna.
 13763 | D:11     | Noticed Lodul
 13779 | D:11     | Killed Lodul
 13787 | D:11     | Reached skill level 12 in Maces & Flails
 14233 | D:11     | Noticed a boulder beetle
 14282 | D:11     | Killed a boulder beetle
 14767 | D:11     | Noticed a two-headed ogre
 14785 | D:11     | Killed a two-headed ogre
 14786 | D:11     | Reached XP level 12. HP: 45/76 MP: 12/12
 14944 | D:11     | Noticed a boulder beetle
 14956 | D:11     | Noticed a spark wasp
 14956 | D:11     | a boulder beetle changed into a spark wasp
 14967 | D:11     | HP: 4/114 [spark wasp (4)]
 14968 | D:11     | HP: 1/114 [spark wasp (3)]
 14968 | D:11     | Slain by a spark wasp

Illustrated notes

Levels and vault maps discovered:
D:1:      dpeg_arrival_fog, layout_loops_ring,
          wander_ebering_terrifying_dragon_lair
D:2:      layout_loops_ring, basic_ecumenical_altar
D:3:      layout_basic, grunt_dithmenos_smoke, nicolae_ashenzari_skybound,
          marbit_many_paths, ebering_ghost_gozag, serial_shops,
          nicolae_shop_hallway_plus, chequers_serial_rivers_micro_d,
          uniq_natasha, uniq_robin
D:4:      layout_layer_cave, uniq_eustachio
D:5:      layout_loops_ring, kennysheep_mini_moat, minmay_temple_entry_junction,
          st_stairs_10, lemuel_flamethrower_2, uniq_blork_the_orc
D:6:      layout_basic, grunt_qazlal_clouds, mainiacjoe_overflow_tiny_flanked,
          mainiacjoe_overflow_surrounded_room, mainiacjoe_overflow_24_doors,
          serial_shops, nicolae_shop_hallway_stairs
D:7:      layout_basic, minmay_hedge_maze
D:8:      layout_basic, mainiacjoe_overflow_small_starburst, lair_entry_dummy,
          uniq_maggie, uniq_prince_ribbit1
D:9:      layout_basic, old_standard_altar,
          chequers_temple_overflow_statue_of_worship
D:10:     layout_irregular_city, mainiacjoe_overflow_catwalk,
          lemuel_round_altar, minmay_orc_entry_temple_small,
          minmay_ruined_shrine
D:11:     layout_roguey, kennysheep_donut, uniq_lodul

Skill      XL: |  1  2  3  4  5  6  7  8  9 10 11 |
---------------+----------------------------------+-----
Fighting       | 4 5 6 7 8 9 |  9.6
Armour         | 4 5 6 8 9 11 | 11.1
Maces & Flails | 3 4 5 6 8 9 11 12 | 12.4
Shields        | 4 5 6 7 |  7.3
Evocations     | 1 2 3 |  3.2

Action                   |  1- 3 |  4- 6 |  7- 9 | 10-12 || total
-------------------------+-------+-------+-------+-------++-------
Melee: Flail             |   106 |   114 |   362 |   510 ||  1092
Throw: Throwing net      |       |       |     2 |     1 ||     3
       Dart              |       |       |       |    13 ||    13
Invok: Potion Petition   |       |       |       |     3 ||     3
 Abil: Evoke Blink       |       |       |     1 |       ||     1
Evoke: Wand              |       |       |    17 |    20 ||    37
  Use: Potion            |       |     4 |     1 |     9 ||    14
       Scroll            |       |     3 |     7 |     4 ||    14
 Stab: Distracted        |       |       |     1 |       ||     1
       Invisible         |       |       |       |     2 ||     2
Armor: Scale mail        |    21 |       |       |       ||    21
       Plate armour      |    51 |   133 |   253 |   329 ||   766
       Skin              |       |       |       |     3 ||     3
Dodge: Dodged            |    35 |    63 |   111 |   164 ||   373
Block: Buckler           |    22 |    39 |    65 |   126 ||   252
